 Dungeon Crawl Stone Soup version 0.28.0-47-ge53b351184 (webtiles) character file.

Game seed: 10891120194334666492

7 Allula97 the Sneak (level 1, -2/16 HPs)
             Began as a Demonspawn Brigand on May 5, 2022.
             Killed by nerve-wracking pain
             ... invoked by Jessica
              (6 damage)
             ... on level 2 of the Dungeon.
             The game lasted 00:02:10 (917 turns).

Allula97 the Sneak (Demonspawn Brigand)              Turns: 917, Time: 00:02:11

Health: -2/16      AC:  3    Str: 11    XL:     1   Next: 91%
Magic:  1/1        EV: 11    Int: 12    God:
Gold:   65         SH:  0    Dex: 14    Spells: 0/0 levels left

rFire   . . .      SeeInvis .   a - +2 dagger
rCold   . . .      Faith    .   (no shield)
rNeg    . . .      Spirit   .   b - +0 robe
rPois   .          Reflect  .   (no helmet)
rElec   .          Harm     .   c - +0 cloak
rCorr   .          Rampage  .   (no gloves)
Will    .....                   (no boots)
Stlth   ++........              (no amulet)
HPRegen 0.05/turn               (no ring)
MPRegen 0.07/turn               (no ring)

@: no status effects
A: no striking features
a: no special abilities


You were on level 2 of the Dungeon.
You visited 1 branch of the dungeon, and saw 2 of its levels.

You collected 65 gold pieces.

Inventory:

Hand Weapons
 a - a +2 dagger (weapon)
Missiles
 d - 8 poisoned darts (quivered)
 e - 2 curare-tipped darts
Armour
 b - a +0 robe (worn)
 c - a +0 cloak (worn)
Scrolls
 f - a scroll of acquirement {unknown}
 g - a scroll of immolation {unknown}
 i - 2 scrolls of identify {unknown}
Potions
 h - 2 potions of heal wounds {unknown}
 j - a potion of curing {unknown}


   Skills:
 * Level 2.0 Fighting
 * Level 1.8 Short Blades
 - Level 1.7 Throwing
 * Level 0.2 Armour
 * Level 0.9 Dodging
 * Level 3.9 Stealth
 * Level 0.1 Spellcasting


You couldn't memorise any spells.
You didn't know any spells.
Your spell library contained the following spells:

 Spells                   Type           Power      Damage    Failure   Level
 Ensorcelled Hibernation  Hex/Ice        0%         N/A       45%         2
 Spider Form              Tmut/Pois      0%         N/A       69%         3
 Anguish                  Hex/Necr       0%         N/A       97%         4


Dungeon Overview and Level Annotations

Branches:
Dungeon (2/15)

Altars:

Shops:
D:1 !([[:

Annotations:
D:2 Jessica


Message History

There is a stone staircase leading down here.
You climb downwards.
There is a stone staircase leading up here.
A goblin comes into view. It is wielding a +0 club.
Found a fuming coppery potion.
The goblin shouts!
You hit the goblin but do no damage. The goblin completely misses you.
You barely miss the goblin. You hit the goblin.
The goblin is heavily wounded.
The goblin hits you with a +0 club.
You hit the goblin.
You kill the goblin!
You see here a +0 club.
h - 2 fuming coppery potions (gained 1) HP restored.
Jessica the Apprentice Sorceress comes into view.
She is wielding a +4 dagger of speed and wearing a +2 robe of positive energy.
A ball python comes into view.
Jessica shouts!
The ball python hisses angrily.
Jessica closely misses you.
You barely miss Jessica. Jessica casts a spell at you.
You barely resist. You hit Jessica.
Jessica is moderately wounded.
Jessica closely misses you. Jessica completely misses you.
You hit Jessica.
Jessica is heavily wounded.
Jessica closely misses you.
You closely miss Jessica. Your punch misses Jessica.
Jessica is heavily wounded.
Jessica hits you with a +4 dagger of speed.
You hit Jessica.
Jessica is almost dead.
Jessica hits you with a +4 dagger of speed!
Ouch! That really hurt!
* * * LOW HITPOINT WARNING * * *
Jessica casts a spell at you. Pain shoots through your body!
You die...

#..........####.#...
#.#.............
##.#..#.♣.♣#.#..
#...).#.#.#
#..#.##.♣.♣
#.##..#.##.#.#
#..........♣.♣
######.#####.# #.#
♣@♣ #.# #..@..# #.#
#♣.♣..# #.# .....#
#.# ♣.♣ .# #####.##
... .# #......# #..
. #.###..# #.# ##
#.###..#


You could see Jessica.

Vanquished Creatures
  A dart slug (D:1)
  An endoplasm (D:1)
  A goblin (D:2)
  A frilled lizard (D:1)
  A kobold (D:1)
  A rat (D:1)
6 creatures vanquished.

Notes
Turn   | Place    | Note
-------+----------+-------------------------------------------
     0 | D:1      | Allula97 the Demonspawn Brigand began the quest for the
                  | Orb.
     0 | D:1      | Reached XP level 1. HP: 16/16 MP: 1/1
    82 | D:1      | Found Ivurrunu's Armour Boutique.
   139 | D:1      | Found Yrrayfuq's Book Boutique.
   474 | D:1      | Found Maduur's Weapon Shop.
   517 | D:1      | Found Puemuun's Distillery.
   651 | D:1      | Found Xarghuon's Antique Armour Shop.
   906 | D:2      | Noticed Jessica
   917 | D:2      | Killed from afar by Jessica

Illustrated notes

Levels and vault maps discovered:
D:1:      beargit_arrival_diablo_church, layout_basic, serial_shops, shop,
          nicolae_shop_waterfront, nicolae_shop_advertising_works
          [nicolae_subvault_shop_adworks], shop_fountains, shop_fountains,
          serial_forest, infiniplex_forest_clump_C, infiniplex_forest_fountain,
          infiniplex_forest_split, infiniplex_forest_clump_double,
          infiniplex_forest_end_2
D:2:      layout_loops_cross, serial_forest, infiniplex_forest_split,
          infiniplex_forest_straight_5, infiniplex_forest_zigzag_2,
          infiniplex_forest_clump_C, infiniplex_forest_straight_2,
          infiniplex_forest_lined_2, infiniplex_forest_3_way,
          infiniplex_forest_lined_room_, infiniplex_forest_lined_3,
          shapermc_ecumenical_altar_rom_forum, uniq_jessica, uniq_sigmund,
          uniq_crazy_yiuf_cottage

Action                   || total
-------------------------++-------
Melee: Dagger            ||    25
 Stab: Sleeping          ||     1
Armor: Robe              ||     2
Dodge: Dodged            ||     9
